 Dungeon Crawl Stone Soup version 0.31-a0-154-g56bf346678 (webtiles) character file.

Game seed: 2507321399222549046

823 Moral the Magician (level 7, 0/48 HPs)
             Began as a Mummy Necromancer on June 12, 2023.
             Slain by a phantom (6 damage)
             ... on level 5 of the Dungeon.
             The game lasted 00:26:04 (5856 turns).

Moral the Magician (Mummy Necromancer)              Turns: 5856, Time: 00:26:05

Health: 0/48       AC:  2    Str: 11    XL:     7   Next: 64%
Magic:  26/26      EV: 12    Int: 16    God:
Gold:   133        SH:  0    Dex: 13    Spells: 10/20 levels left

rFire   x . .        d - +0 short sword
rCold   + . .        (no shield)
rNeg    + + +        a - +0 robe
rPois   ∞            (no helmet)
rElec   .            (no cloak)
rCorr   +            (no gloves)
SInv    .            (no boots)
Will    .....        (no amulet)
Stlth   ++           f - ring of magical power
HPRegen 0.28/turn    h - ring of resist corrosion
MPRegen 0.20/turn

%: faith
@: no status effects
A: cold resistance 1, negative energy resistance 3, torment resistance 2, heat
vulnerability 1, in touch with death 1, no potions, faith
a: no special abilities


You were on level 5 of the Dungeon.
You visited 2 branches of the dungeon, and saw 6 of its levels.

You collected 133 gold pieces.

Inventory:

Hand Weapons
 d - a +0 short sword (weapon)
Armour
 a - a +0 robe (worn)
Jewellery
 f - a ring of magical power (left hand)
 h - a ring of resist corrosion (right hand)
 k - a +6 ring of intelligence
Wands
 g - a wand of acid (8)
 j - a wand of mindburst (14)
Scrolls
 e - 4 scrolls of identify
 i - a scroll of poison


   Skills:
 + Level 1.5 Fighting
 + Level 1.8 Dodging
 + Level 1.8 Stealth
 * Level 7.3 Spellcasting
 * Level 7.2 Necromancy
 + Level 0.1 Evocations


You had 10 spell levels left.
You knew the following spells:

 Your Spells              Type           Power      Damage    Failure   Level
a - Necrotise             Necr           100%       1d9       1%          1
b - Animate Dead          Necr           43%        N/A       6%          4
c - Agony                 Necr           43%        N/A       17%         5

Your spell library contained the following spells:

 Spells                   Type           Power      Damage    Failure   Level
 Vampiric Draining        Necr           43%        2d9       1%          3
 Sting                    Tmut/Pois      20%        1d4       12%         1
 Lesser Beckoning         Tloc           10%        N/A       19%         2
 Statue Form              Tmut/Erth      Unusable   N/A       N/A         6

Dungeon Overview and Level Annotations

Branches:
Dungeon (5/15)             Temple (1/1) D:4

Altars:
Ashenzari
Dithmenos
Fedhas
Hepliaklqana
Makhleb
Okawaru
Ru
Trog
Uskayaw
Wu Jian
Xom

Shops:
D:5 :


Innate Abilities, Weirdness & Mutations

You are immune to poison.
Your flesh is cold resistant. (rC+)
You are immune to negative energy. (rN+++)
You are immune to unholy pain and torment.
You are vulnerable to heat. (rF-)
You are in touch with the powers of death.
You do not drink.
You have a special connection with the divine. (Faith)


Message History

The phantom barely misses you.
You barely miss the phantom.
The phantom is severely damaged.
The phantom hits you.
The phantom blinks!
You blink.
You hit the phantom.
The phantom is severely damaged.
The phantom hits you.
* * * LOW HITPOINT WARNING * * *
The phantom blinks!
You blink.
You barely miss the phantom.
The phantom is severely damaged.
The phantom barely misses you.
You barely miss the phantom.
The phantom is severely damaged.
The phantom closely misses you.
You hit the phantom but do no damage.
The phantom is severely damaged.
The phantom hits you.
* * * LOW HITPOINT WARNING * * *
The phantom blinks!
You blink.
Okay, then.
As you read the scroll labelled ALOHEX GORIEX, it crumbles to dust.
You feel aware of your surroundings.
It was a scroll of magic mapping.
The phantom misses you.
As you read the scroll labelled NOFUBOYD NETRASO, it crumbles to dust.
The scroll dissolves into smoke.
It was a scroll of fog.
The phantom hits you but does no damage.
The phantom attacks as you move away! The phantom hits you.
* * * LOW HITPOINT WARNING * * *
You see here 16 gold pieces.
You hit the phantom.
The phantom is almost destroyed.
The phantom misses you.
You barely miss the phantom.
The phantom is almost destroyed.
The phantom misses you.
You hit the phantom but do no damage.
The phantom is almost destroyed.
The phantom hits you.
You die...

,,,,.....####.....#####....#.....
,,,,***##.............)....#.....
^,,.####.............##..........
**,....#.............##..)..#####
**,..................####'######.
**,...............##.............
**#.......#......§§§##...........
**#............#§#§§§)..>........
,,.....##.####..@W§§§§...........
**#....##....#.#§#§§§............
###.....#....#.:.§§§§§...........
........#....##.#.§.§.........###
................#.§§##........,**
....§..............§#*....!..,,,,
.....#'#....#.......#**####.,,,*,
.....#.######.......# ##*****
######,*****#....####


You could see a phantom.

Vanquished Creatures
  A water moccasin (D:4)
  Pargi (D:3)
  A black bear (D:4)
  An ogre (D:4)
  A scorpion (D:4)
  3 hounds
  A jelly (D:4)
  An orc priest (D:5)
  3 orc wizards
  An iguana (D:4)
  3 adders
  A white imp (D:5)
  2 worms (D:2)
  A dart slug (D:2)
  9 orcs
  3 bats
  9 endoplasms
  2 giant cockroaches
  8 goblins
  3 hobgoblins
  2 jackals (D:4)
  5 kobolds
  8 ball pythons
  A frilled lizard (D:3)
  5 rats
  A spectral kobold (D:1)
77 creatures vanquished.

Vanquished Creatures (collateral kills)
  An iguana (D:5)
  A ball python (D:4)
  A kobold (D:1)
3 creatures vanquished.

Vanquished Creatures (others)
  An orc zombie (D:5)
1 creature vanquished.

Grand Total: 81 creatures vanquished

Notes
Turn   | Place    | Note
-------+----------+-------------------------------------------
     0 | D:1      | Moral the Mummy Necromancer began the quest for the Orb.
     0 | D:1      | Reached XP level 1. HP: 13/13 MP: 4/4
   201 | D:1      | Found a faded altar of an unknown god.
   225 | D:1      | Got the Handbook of Mercurial Position
   233 | D:1      | Reached XP level 2. HP: 19/19 MP: 2/5
  1388 | D:2      | Gained mutation: You are in touch with the powers of death.
                  | [Mummy growth]
  1388 | D:2      | Reached XP level 3. HP: 25/25 MP: 5/7
  1853 | D:2      | Reached skill level 5 in Necromancy
  2193 | D:2      | Reached XP level 4. HP: 31/31 MP: 9/9
  2749 | D:3      | Noticed Pargi
  2761 | D:3      | Killed Pargi
  2762 | D:3      | Reached XP level 5. HP: 7/36 MP: 9/12
  3191 | D:3      | Reached skill level 5 in Spellcasting
  3882 | D:4      | Noticed an ogre
  3901 | D:4      | Killed an ogre
  3902 | D:4      | Reached XP level 6. HP: 42/42 MP: 14/14
  4122 | D:4      | Found a staircase to the Ecumenical Temple.
  4145 | Temple   | Entered the Ecumenical Temple
  4355 | D:4      | Reached skill level 1 in Fighting
  4434 | D:4      | Reached XP level 7. HP: 47/48 MP: 17/17
  4546 | D:4      | Found a hide-covered altar of Uskayaw.
  4662 | D:4      | Found an ornate altar of the Wu Jian Council.
  4851 | D:4      | Identified the +4 plate armour of Obuam {rF+}
  5012 | D:5      | Entered Level 5 of the Dungeon
  5023 | D:5      | Learned a level 4 spell: Animate Dead
  5029 | D:5      | Learned a level 5 spell: Agony
  5154 | D:5      | Found a shimmering altar of Xom.
  5351 | D:5      | Found Cuvvorphaon's Tremendous Tomes.
  5856 | D:5      | Slain by a phantom

Illustrated notes

Levels and vault maps discovered:
D:1:      matt_arrival_grand_opening, layout_basic,
          dreamdust_ecumenical_altar_drowned_temple, minmay_misc_feat_diagonals
D:2:      layout_loops_cross, ebering_dispersal_statue_hall,
          grunt_decor_mini_mirrors, hangedman_abyss_or_decor_lesser_grid
D:3:      layout_basic, uniq_pargi
D:4:      layout_basic, lemuel_tele_altar, mainiacjoe_overflow_tiny_flanked,
          nicolae_uskayaw_murder_on_the_dancefloor, minmay_temple_entry_ruins
D:5:      layout_basic, mainiacjoe_overflow_24_doors, serial_glass,
          glass_columns_a, glass_columns_c, nicolae_shop_i_like_big_books
Temple:   nicolae_temple_superstar

Skill      XL: |  1  2  3  4  5  6  7 |
---------------+----------------------+-----
Spellcasting   | 3 4 5 6 7 |  7.3
Necromancy     | 5 6 7 |  7.2
Fighting       | 1 |  1.5
Dodging        | |  1.8
Stealth        | |  1.8
Evocations     | |  0.1

Action                     |  1- 3 |  4- 6 |  7- 9 || total
---------------------------+-------+-------+-------++-------
  Melee: Short sword       |    21 |    12 |    58 ||    91
         Unarmed           |     4 |       |       ||     4
         Punch             |     1 |       |     1 ||     2
   Cast: Necrotise         |    88 |    71 |    43 ||   202
         Animate Dead      |       |       |     4 ||     4
         Agony             |       |       |     3 ||     3
  Evoke: Wand              |       |     2 |       ||     2
    Use: Scroll            |     2 |       |     4 ||     6
 Armour: Robe              |    10 |    15 |     7 ||    32
  Dodge: Dodged            |    68 |    42 |    53 ||   163

Table legend: (Time is in decaauts)
 A = Elapsed time spent in this place.
 B = Non-inter-level travel time spent in this place.
 C = Inter-level travel time spent in this place.
 D = Time resting spent in this place.
 E = Time spent auto-exploring this place.
 F = Levels seen in this place.
 G = Mean time per level.
                   A        B        C        D        E       F      G
               +--------+--------+--------+--------+--------+-----+--------+
         Total |   5864 |   5773 |     91 |   1181 |   3363 |   6 |  977.3 |
       Dungeon |   5711 |   5620 |     91 |   1181 |   3363 |   5 | 1142.2 |
        Temple |    152 |    152 |      0 |      0 |      0 |   1 |  152.0 |
               +--------+--------+--------+--------+--------+-----+--------+

Top non-repeatable levels by time:
     D:2: 1514 daAuts
     D:3: 1269 daAuts
     D:1: 1113 daAuts
     D:4: 969 daAuts
     D:5: 843 daAuts
  Temple: 152 daAuts
